[Event "Team 45 45 League T24"]
[Site "Free Internet Chess Server"]
[Date "2004.09.24"]
[Round "3"]
[White "suequntf"]
[Black "wook"]
[Result "0-1"]
[WhiteElo "1460"]
[BlackElo "1520"]
[TimeControl "2700+45"]

1. e4 c5 2. Nf3 d6 3. h3 a6 4. Be2 Nc6 5. Nc3 e6 6. b3 Nf6 7. Bb2 Be7 8. d3 h6 9. O-O b5 10. e5 dxe5 11. Nxe5 Nxe5 12. Ne4 Nxe4 13. dxe4 Qxd1 14. Raxd1 Bf6 15. Ba3 b4 16. Bb2 Bb7 17. c4 bxc3 18. Bxc3 O-O 19. f3 Nxf3+ 20. Bxf3 Bxc3 21. Rd7 Bd4+ 22. Kh1 Bc6 23. Rc7 Bb5 24. Rd1 Rfc8 25. Rxc8+ Rxc8 26. b4 Be5 27. bxc5 Rxc5 28. Kg1 Rc2 29. a3 Ba4 30. Bg4 Rc4 31. Bf3 Bxd1 32. Bxd1 Rc1 33. Kf2 Rxd1 34. Ke2 Ra1 35. Kd3 Rxa3+ 36. Kc4 Ra2 37. Kb3 Rxg2 38. Kc4 Rb2 39. Kc5 a5 40. Kc6 a4 41. Kd7 a3 42. Ke7 a2 43. Kd7 a1=Q 44. h4 Rc2 45. h5 Qa4+ 46. Ke7 Bf6+ 47. Kd6 Qd4#   {White checkmated} 0-1

[Event "Team 45 45 League T24"]
[Site "Free Internet Chess Server"]
[Date "2004.09.25"]
[Round "3"]
[White "anish"]
[Black "Triplea"]
[Result "0-1"]
[WhiteElo "1525"]
[BlackElo "1276"]
[TimeControl "2700+45"]

1. d4 Nf6 2. c4 e6 3. Nc3 Bb4 4. Bd2 Nc6 5. Nf3 d5 6. e3 Ne4 7. Bd3 Nxd2 8. Qxd2 Qf6 9. Qc2 dxc4 10. Bxc4 O-O 11. O-O-O a6 12. Bd3 Bd7 13. Bxh7+ Kh8 14. Bd3 Rad8 15. h4 Na5 16. Ng5 Bc6 17. Rh2 Bxc3 18. Qxc3 Qxf2 19. Be4 Bxe4 20. Nxe4 Qf5 21. Nc5 Rd5 22. Re1 e5 23. Qxa5 exd4 24. Qd2 Rxc5+ 25. Kd1 dxe3 26. Rxe3 Rd5 27. Rd3 Rfd8 28. Rhh3 Rxd3   {White resigns} 0-1

[Event "Team 45 45 League T24"]
[Site "Free Internet Chess Server"]
[Date "2004.09.24"]
[Round "3"]
[White "KlassAct"]
[Black "elgrande"]
[Result "1-0"]
[WhiteElo "1399"]
[BlackElo "1531"]
[TimeControl "2700+45"]

1. e4 c5 2. Nf3 d6 3. Bc4 e6 4. Nc3 a6 5. a4 Be7 6. d4 b6 7. O-O Nf6 8. Re1 d5 9. exd5 Nxd5 10. Ne4 O-O 11. dxc5 bxc5 12. Qd3 Nb4 13. Qc3 Bb7 14. Bf4 Re8 15. Rad1 Nd7 16. Rd2 Bc6 17. Red1 Ra7 18. Ng3 Bf6 19. Be5 Qe7 20. Bxf6 Nxf6 21. Ne5 Bxa4 22. b3 Bb5 23. Qb2 Bxc4 24. Nxc4 Nfd5 25. Re1 Qg5 26. c3 Nc6 27. Ne4 Qe7 28. Ned6 Rd8 29. Rxd5 Qc7 30. Rdd1 Rf8 31. Ne4 Qe7 32. Rd6 Rc8 33. Red1 h6 34. Nxc5 Nb8 35. b4 a5 36. Nxa5 Rxa5 37. bxa5 Rxc5 38. Qxb8+ Kh7 39. Qb4 Qc7 40. a6 Rxc3 41. a7 Rc1 42. a8=Q Qc2 43. Qae4+   {Black resigns} 1-0

[Event "Team 45 45 League T24"]
[Site "Free Internet Chess Server"]
[Date "2004.09.26"]
[Round "3"]
[White "Triplea"]
[Black "paultopia"]
[Result "0-1"]
[WhiteElo "1296"]
[BlackElo "1387"]
[TimeControl "2700+45"]

1. e4 Nf6 2. e5 Nd5 3. d4 d6 4. f4 dxe5 5. fxe5 g6 6. Nf3 Bg4 7. h3 Bxf3 8. Qxf3 Bg7 9. Bc4 c6 10. Nc3 e6 11. Nxd5 cxd5 12. Bb5+ Nc6 13. c4 O-O 14. Bxc6 bxc6 15. cxd5 Qh4+ 16. Kd1 Qxd4+ 17. Ke1 cxd5 18. Rf1 Qxe5+ 19. Kf2 Qf6 20. Bf4 Qxb2+ 21. Kg3 Qf6 22. Rac1 Rfc8 23. Bd6 Qxf3+ 24. Rxf3 Rxc1   {White resigns} 0-1

[Event "Team 45 45 League T24"]
[Site "Free Internet Chess Server"]
[Date "2004.09.25"]
[Round "3"]
[White "hotjazz"]
[Black "jerryrab"]
[Result "0-1"]
[WhiteElo "1308"]
[BlackElo "1217"]
[TimeControl "2700+45"]

1. e4 c5 2. Nf3 Nc6 3. d4 cxd4 4. Nxd4 Nxd4 5. Qxd4 a6 6. Be2 d6 7. Nc3 e5 8. Qd3 Nf6 9. Be3 Be6 10. a3 Ng4 11. O-O-O Nxe3 12. Qxe3 Qc7 13. f4 O-O-O 14. Rd2 f6 15. g4 g6 16. g5 f5 17. Na4 d5 18. Nb6+ Kb8 19. Qb3 Bc5 20. Na4 Bd4 21. Bxa6 Bc8 22. Rhd1 dxe4 23. fxe5 Bxe5 24. Rxd8 Rxd8 25. h4 Bf4+ 26. Kb1 Rxd1+ 27. Ka2 Rc1 28. Nc3 Rh1 29. Nd5 Qd6 30. Bc4 Rxh4 31. Nf6 Bxg5 32. Ne8 Qd1 33. a4 Bd2 34. Qb6 Qxc2 35. Qc7+ Ka7 36. Nd6 Qxa4+ 37. Kb1 Rh1+ 38. Bf1 Rxf1+ 39. Qc1 Rxc1#   {White checkmated} 0-1

[Event "Team 45 45 League T24"]
[Site "Free Internet Chess Server"]
[Date "2004.09.27"]
[Round "3"]
[White "YOIULI"]
[Black "Almaty"]
[Result "1-0"]
[WhiteElo "1873"]
[BlackElo "1741"]
[TimeControl "2700+45"]

1. e4 c5 2. c3 e6 3. d4 Nc6 4. Nf3 Nf6 5. Bg5 h6 6. Bxf6 Qxf6 7. d5 Ne5 8. Nbd2 a6 9. Qa4 Rb8 10. Nxe5 Qxe5 11. Nf3 Qc7 12. dxe6 fxe6 13. e5 Be7 14. Bd3 g5 15. h4 b5 16. Qe4 Bb7 17. Qg6+ Kd8 18. hxg5 Bxf3 19. Qg7 Rf8 20. gxf3 Qc6 21. Be4 Qb6 22. gxh6 d5 23. exd6 Bxd6 24. O-O-O Qc7 25. Qxf8+   {Black resigns} 1-0

[Event "Team 45 45 League T24"]
[Site "Free Internet Chess Server"]
[Date "2004.09.25"]
[Round "3"]
[White "TrondTumyr"]
[Black "mandragora"]
[Result "1/2-1/2"]
[WhiteElo "1804"]
[BlackElo "1815"]
[TimeControl "2700+45"]

1. e4 e5 2. Nf3 Nc6 3. Bb5 a6 4. Ba4 Nf6 5. O-O Nxe4 6. Re1 Nc5 7. Bxc6 dxc6 8. Nxe5 Be6 9. d4 Nd7 10. Bf4 Be7 11. Nc3 O-O 12. Qe2 Nf6 13. Nxf7 Bxf7 14. Qxe7 Qxd4 15. Bxc7 Rae8 16. Qd6 Rxe1+ 17. Rxe1 Nd5 18. Qg3 Bg6 19. Nxd5 Qxd5 20. Qb3 Qxb3 21. cxb3 Re8 22. Rxe8+ Bxe8 23. f4 Bf7 24. Kf2 Be6 25. Ke3 Kf7 26. Kd4 Ke7 27. Ke5 g6 28. Bd6+ Kd7 29. Bc5 h5 30. h3 Bf5 31. Kf6 Ke8 32. g4 hxg4 33. hxg4 Bxg4 34. Kxg6 Be6 35. Kf6 Bd5 36. Ke5 a5 37. Kd6 b5 38. b4 a4 39. b3 axb3 40. axb3 Kf7 41. Bd4 Bxb3 42. Kxc6 Bc4   {Game drawn by mutual agreement} 1/2-1/2

[Event "Team 45 45 League T24"]
[Site "Free Internet Chess Server"]
[Date "2004.09.25"]
[Round "3"]
[White "Louro"]
[Black "zcomcon"]
[Result "1-0"]
[WhiteElo "1794"]
[BlackElo "1730"]
[TimeControl "2700+45"]

1. e4 e5 2. Nf3 Nc6 3. Bb5 a6 4. Ba4 Nf6 5. Qe2 b5 6. Bb3 Be7 7. O-O O-O 8. c3 d6 9. a4 Bb7 10. d3 bxa4 11. Bxa4 Nb8 12. Nbd2 Nbd7 13. Bc2 Re8 14. b4 c5 15. Ba3 cxb4 16. Bxb4 d5 17. Bxe7 Rxe7 18. Rfb1 Qc7 19. c4 dxe4 20. Nxe4 Nxe4 21. dxe4 Nc5 22. Qe3 Qc6 23. Nd2 f5 24. f3 fxe4 25. Nxe4 Ne6 26. Qa3 Qc7 27. Ba4 Bxe4 28. fxe4 Qc5+ 29. Qxc5 Nxc5 30. Bc6 Raa7 31. Bd5+ Kf8 32. Rb8+ Re8 33. Rf1+   {Black resigns} 1-0

[Event "Team 45 45 League T24"]
[Site "Free Internet Chess Server"]
[Date "2004.09.26"]
[Round "3"]
[White "DesparateDan"]
[Black "crane"]
[Result "1-0"]
[WhiteElo "1664"]
[BlackElo "1383"]
[TimeControl "2700+45"]

1. e4 e5 2. Nf3 Nf6 3. Nxe5 d6 4. Nf3 Nxe4 5. d4 d5 6. Bd3 Be7 7. O-O Bf5 8. c4 dxc4 9. Bxc4 Nc6 10. Re1 O-O 11. a3 Re8 12. Be3 h5 13. Qb3 Nd6 14. Be2 h4 15. h3 Na5 16. Qa2 Qc8 17. b3 Qe6 18. Nbd2 Rad8 19. Ne5 f6 20. Nec4 Naxc4 21. Nxc4 Nb5 22. Na5 Nc3 23. Qb2 Nxe2+ 24. Rxe2 Bd3 25. Rd2 Be4 26. Rc1 Rd7 27. Nc4 b5 28. Na5 Qb6 29. b4 Bd6 30. d5 Qa6 31. Nc6 Be7 32. Qb3 Bd6 33. Rd4 g5 34. Rdd1 Qa4 35. Qb2 Rf8 36. Bd4 Bf4 37. Be3 Bxe3 38. fxe3 Bxd5 39. Rxd5 Rxd5 40. Ne7+ Kh8 41. Nxd5 g4 42. Ne7 Rf7 43. hxg4 Rxe7 44. Qxf6+ Rg7 45. Qxh4+ Kg8 46. Qd8+ Kh7 47. Rc5 Qxa3 48. Rh5+ Kg6 49. Qe8+ Rf7 50. Qe6+ Kg7 51. Qh6+   {Black resigns} 1-0

[Event "Team 45 45 League T24"]
[Site "Free Internet Chess Server"]
[Date "2004.09.25"]
[Round "3"]
[White "thomchad"]
[Black "inkaotibus"]
[Result "1-0"]
[WhiteElo "1905"]
[BlackElo "2144"]
[TimeControl "2700+45"]

1. d4 d5 2. e3 c5 3. dxc5 e5 4. Nf3 Nc6 5. Bb5 Qa5+ 6. Nc3 a6 7. Bxc6+ bxc6 8. Nxe5 Qxc5 9. Qd4 Qxd4 10. exd4 Ne7 11. O-O f6 12. Nd3 Bf5 13. Re1 Bxd3 14. cxd3 O-O-O 15. Be3 Nf5 16. Rac1 Kd7 17. Re2 Bb4 18. g4 Nd6 19. Na4 Nb5 20. Rec2 Na7 21. Bf4 h5 22. Nb6+ Ke7 23. Bc7 Rde8 24. Rxc6 Nxc6 25. Rxc6 hxg4 26. Nxd5+ Kd7 27. Nxb4 Rc8 28. Rxa6 Rxc7 29. Nd5 Rb7 30. b3 Rh5 31. Nf4 Rhb5 32. Ne6 R5b6 33. Nc5+ Kc6 34. Ra8 Re7 35. Kg2 Rb4 36. Rc8+ Kd6 37. Ne4+ Kd7 38. Rc4 Rxc4 39. bxc4 f5 40. Nc5+ Kc6 41. Ne6 Ra7 42. d5+ Kd6 43. Nd4 g6 44. Nb5+   {Black resigns} 1-0

[Event "Team 45 45 League T24"]
[Site "Free Internet Chess Server"]
[Date "2004.09.24"]
[Round "3"]
[White "HotDonut"]
[Black "LangstonB"]
[Result "1/2-1/2"]
[WhiteElo "1831"]
[BlackElo "1704"]
[TimeControl "2700+45"]

1. e4 c5 2. Nc3 Nc6 3. f4 d6 4. Nf3 g6 5. Bb5 Bg7 6. O-O a6 7. Bxc6+ bxc6 8. d3 Bg4 9. h3 Bxf3 10. Qxf3 Nf6 11. e5 Nd5 12. Nxd5 cxd5 13. Qxd5 O-O 14. exd6 Qxd6 15. Qxd6 exd6 16. Rb1 Rfe8 17. Kf2 Rab8 18. Re1 Rxe1 19. Kxe1 a5 20. b3 a4 21. Bb2 Bxb2 22. Rxb2 a3 23. Rb1 Rb4 24. g3 f5 25. Kf2 Kf7 26. Re1 Rb7 27. Ke2 Re7+ 28. Kd2 Rxe1 29. Kxe1 Ke6 30. Ke2 d5 31. c3 h5 32. h4 Kd6 33. Ke3 Kc6 34. d4 c4 35. bxc4 dxc4 36. Kd2 Kd5 37. Ke2 Ke4 38. Kd2 Kd5 39. Ke3 Kd6 40. Kf3   {Game drawn by mutual agreement} 1/2-1/2

[Event "Team 45 45 League T24"]
[Site "Free Internet Chess Server"]
[Date "2004.09.25"]
[Round "3"]
[White "cregan"]
[Black "fismoluni"]
[Result "1-0"]
[WhiteElo "1661"]
[BlackElo "1605"]
[TimeControl "2700+45"]

1. e4 c5 2. Nf3 d6 3. d4 cxd4 4. Nxd4 Nf6 5. Nc3 a6 6. Bc4 e6 7. Bb3 b5 8. Qe2 Qc7 9. f3 Be7 10. Be3 Bd7 11. g4 O-O 12. g5 Ne8 13. O-O-O Nc6 14. h4 Ne5 15. f4 Nc4 16. h5 Rc8 17. Bd2 Qc5 18. Qd3 a5 19. a4 b4 20. Ncb5 Nxd2 21. Rxd2 Nc7 22. Nxc7 Rxc7 23. g6 d5 24. exd5 exd5 25. Nf3 Be6 26. f5 Bd7 27. h6 hxg6 28. fxg6 fxg6 29. Qxg6 Bf6 30. Bxd5+ Kh8 31. hxg7#   {Black checkmated} 1-0

[Event "Team 45 45 League T24"]
[Site "Free Internet Chess Server"]
[Date "2004.09.23"]
[Round "3"]
[White "Regnmanden"]
[Black "Nogger"]
[Result "1/2-1/2"]
[WhiteElo "2143"]
[BlackElo "1992"]
[TimeControl "2700+45"]

1. d4 Nf6 2. Bg5 d5 3. Bxf6 gxf6 4. e3 c5 5. c3 Qb6 6. Qd2 e6 7. Ne2 Nc6 8. Nf4 Be7 9. Be2 Bd7 10. Bh5 Bd6 11. Nd3 c4 12. Nf4 Ne7 13. Qc2 e5 14. Ne2 Bf5 15. Qa4+ Bd7 16. Qc2 Bf5 17. Qa4+ Bd7 18. Qc2   {Game drawn by repetition} 1/2-1/2

[Event "Team 45 45 League T24"]
[Site "Free Internet Chess Server"]
[Date "2004.09.27"]
[Round "3"]
[White "Ottawa"]
[Black "adingod"]
[Result "0-1"]
[WhiteElo "1766"]
[BlackElo "2103"]
[TimeControl "2700+45"]

1. e4 Nf6 2. Nc3 d5 3. exd5 Nxd5 4. d4 Bf5 5. Nf3 g6 6. Bd3 Bg7 7. Ne4 Nb4 8. O-O O-O 9. c3 Nxd3 10. Qxd3 c5 11. Re1 cxd4 12. Nxd4 e5 13. Bg5 Qxg5 14. Nxf5 Qxf5 15. Qd5 Qd7 16. Rad1 Qxd5 17. Rxd5 Nc6 18. Rd7 b6 19. Rc7 Rac8 20. Rb7 f5 21. Ng5 h6 22. Ne6 Rf7   {White resigns} 0-1

[Event "Team 45 45 League T24"]
[Site "Free Internet Chess Server"]
[Date "2004.09.26"]
[Round "3"]
[White "YOIULI"]
[Black "LNO"]
[Result "1-0"]
[WhiteElo "1848"]
[BlackElo "1845"]
[TimeControl "2700+45"]

1. e4 e6 2. d4 d5 3. Nc3 Nf6 4. Bg5 Bb4 5. e5 h6 6. Bd2 Bxc3 7. bxc3 Ne4 8. Qg4 g6 9. Bc1 c5 10. Bd3 Qa5 11. Ne2 Nc6 12. Bxe4 dxe4 13. O-O cxd4 14. cxd4 Qd5 15. Be3 Qc4 16. Ng3 h5 17. Qh4 Nxd4 18. Rfd1 Nf5 19. Rd8#   {Black checkmated} 1-0

[Event "Team 45 45 League T24"]
[Site "Free Internet Chess Server"]
[Date "2004.09.22"]
[Round "3"]
[White "twinders"]
[Black "mandragora"]
[Result "1-0"]
[WhiteElo "1637"]
[BlackElo "1825"]
[TimeControl "2700+45"]

1. d4 Nf6 2. Bf4 g6 3. Nf3 Bg7 4. c4 O-O 5. Nc3 d6 6. e4 Nh5 7. Be3 Nd7 8. Be2 Nhf6 9. Qd2 Re8 10. Bh6 Bh8 11. h4 c5 12. d5 Ng4 13. h5 Nxh6 14. Qxh6 Bg7 15. Qg5 e5 16. dxe6 Qxg5 17. exf7+ Kxf7 18. Nxg5+ Kg8 19. hxg6 hxg6 20. f4 Nf6 21. O-O-O Rd8 22. e5 Ng4 23. Rxd6 Rxd6 24. exd6 Ne3 25. g3 Nf5 26. Rd1 Bd7 27. Nce4 b6 28. Rd3 Re8 29. Bf1 Nd4 30. b3 Bc6 31. Bg2 Bd7 32. Kd2 Bf5 33. Re3 Bd7 34. a3 a5 35. Bh3 Bxh3 36. Nf6+   {Black resigns} 1-0

[Event "Team 45 45 League T24"]
[Site "Free Internet Chess Server"]
[Date "2004.09.24"]
[Round "3"]
[White "nham"]
[Black "thxgg"]
[Result "1-0"]
[WhiteElo "1998"]
[BlackElo "1985"]
[TimeControl "2700+45"]

1. e4 e5 2. f4 exf4 3. Bc4 Qh4+ 4. Kf1 Nc6 5. Nf3 Qh6 6. Nc3 f6 7. d4 d6 8. Nd5 Kd8 9. Bxf4 g5 10. Be3 Qg6 11. Bd3 g4 12. Nh4 Qh5 13. Nf5 Nce7 14. Nf4 Nxf5 15. exf5 Qf7 16. Qxg4 Ne7 17. Ne6+ Bxe6 18. fxe6 f5 19. exf7 fxg4 20. Bg5 h5 21. Re1 Kd7 22. Kg1 c6 23. Bf6 Rh6 24. Bxe7 Bxe7 25. Bf5+ Kd8 26. g3 Rf6 27. Be6 h4 28. gxh4 Kc7 29. Kg2 d5 30. Bxd5 Kd6 31. Bb3 Rf3 32. Rhf1 Rh3 33. Re6+ Kd7 34. Rfe1 Bd6 35. Rxd6+   {Black resigns} 1-0

[Event "Team 45 45 League T24"]
[Site "Free Internet Chess Server"]
[Date "2004.09.26"]
[Round "3"]
[White "Zepphire"]
[Black "noHz"]
[Result "0-1"]
[WhiteElo "1952"]
[BlackElo "1887"]
[TimeControl "2700+45"]

1. Nf3 d5 2. c4 e6 3. g3 Nf6 4. Bg2 Be7 5. O-O Nbd7 6. b3 O-O 7. Bb2 c6 8. Nc3 b6 9. Re1 Bb7 10. e4 dxe4 11. Ng5 Nc5 12. Ncxe4 Nd3 13. Qc2 Nxe4 14. Rxe4 Bxg5 15. Rd4 Qc7 16. Rg4 Bh6 17. Qxd3 Rad8 18. Qe3 f5 19. Qxe6+ Qf7 20. Qxf7+ Rxf7 21. Rd4 Rxd4 22. Bxd4 Bxd2 23. Rd1 Bg5 24. c5 Rd7 25. Bf3 Bd8 26. h4 bxc5 27. Bxc5 Rxd1+ 28. Bxd1 Bb6 29. Bxb6 axb6 30. Bf3 Kf7 31. a4 Ke6 32. b4 Kd6 33. b5 Kc7 34. Kg2 cxb5 35. axb5 Bxf3+ 36. Kxf3 Kd6 37. Kf4 Kc5 38. Kxf5 Kxb5 39. Ke4 Kc4 40. Ke3 Kc3 41. Ke2 Kc2 42. h5 b5 43. f4 b4 44. f5 h6 45. g4 b3 46. g5 b2 47. gxh6 gxh6 48. Kf3 b1=Q 49. Ke4 Qb2 50. Kd5 Qf6   {White resigns} 0-1

[Event "Team 45 45 League T24"]
[Site "Free Internet Chess Server"]
[Date "2004.09.28"]
[Round "3"]
[White "Valiantangel"]
[Black "LangstonB"]
[Result "0-1"]
[WhiteElo "1748"]
[BlackElo "1708"]
[TimeControl "2700+45"]

1. d4 d5 2. c4 e6 3. Nc3 Nf6 4. Nf3 g6 5. Bf4 Bg7 6. e3 Nbd7 7. Nb5 e5 8. dxe5 Nh5 9. e6 Nxf4 10. exf7+ Kxf7 11. exf4 Re8+ 12. Be2 Nf6 13. O-O c6 14. Nc3 Kg8 15. cxd5 Nxd5 16. Rc1 Nxf4 17. Bc4+ Be6 18. Bxe6+ Rxe6 19. Qb3 Kh8 20. g3 Ne2+ 21. Nxe2 Rxe2 22. Qxb7 Rxb2 23. Qa6 Qd5 24. Nh4 c5 25. a4 Bd4 26. Rb1 Bxf2+ 27. Rxf2 Rxb1+ 28. Rf1 Rxf1+ 29. Qxf1 Kg7 30. Qe2 Rf8 31. Ng2 Qd4+ 32. Kh1 Rf7 33. Nf4 Qf6 34. Qc4 Qc6+ 35. Kg1 Qd6 36. Ne6+ Kh8 37. Nxc5 Qd1+ 38. Kg2 Qf3+ 39. Kh3 h5 40. Ne6 Qf1+ 41. Qxf1 Rxf1 42. Kh4 Re1 43. Nf4 Re4 44. Kg5 Rxa4 45. Kxg6 h4 46. Ne6 hxg3 47. hxg3 Rg4+ 48. Kf5 Rxg3 49. Ke5 a5 50. Kd4 a4 51. Nc5 a3   {White resigns} 0-1